 Dungeon Crawl Stone Soup version 0.28-a0-863-g8cecda6153 (webtiles) character file.

Game seed: 4977434333759810346

450 Lugonue the Charlatan (level 7, -1/52 HPs)
             Began as a Gnoll Artificer on Nov 19, 2021.
             Was a Priest of Cheibriados.
             Slain by a centaur zombie (3 damage)
             ... on level 6 of the Dungeon.
             The game lasted 00:10:05 (5319 turns).

Lugonue the Charlatan (Gnoll Artificer)             Turns: 5319, Time: 00:10:05

Health: -1/52      AC:  7    Str: 24    XL:     7   Next: 4%
Magic:  7/10       EV: 13    Int: 17    God:    Cheibriados [***...]
Gold:   149        SH:  0    Dex: 20    Spells: 8/10 levels left

rFire   . . .      SeeInvis .   p - +0 battleaxe
rCold   . . .      Faith    .   (shield currently unavailable)
rNeg    . . .      Spirit   .   i - +0 ring mail
rPois   .          Reflect  .   (no helmet)
rElec   .          Harm     .   (no cloak)
rCorr   .          Rampage  .   q - +0 pair of gloves
Will    .....      Clarity  +   (no boots)
Stlth   ++........              (no amulet)
HPRegen 0.17/turn               a - +6 ring of strength
MPRegen 0.12/turn               (no ring)

@: very slow
A: fangs 1, strong nose, distributed training, clarity, dopey 1, sense
surroundings 1
a: Renounce Religion, Bend Time, Temporal Distortion


You were on level 6 of the Dungeon.
You worshipped Cheibriados.
Cheibriados was most pleased with you.
You visited 1 branch of the dungeon, and saw 5 of its levels.

You collected 149 gold pieces.

Inventory:

Hand Weapons
 p - a +0 battleaxe (weapon)
Armour
 i - a +0 ring mail (worn)
 q - a +0 pair of gloves (worn)
Magical Staves
 g - a staff of air
Jewellery
 a - a +6 ring of strength (left hand)
 h - a ring of resist corrosion
Wands
 c - a wand of flame (9) (quivered)
 d - a wand of charming (14)
Scrolls
 b - 3 scrolls of magic mapping
 k - a scroll of brand weapon {unknown}
 l - 3 scrolls of identify
 n - a scroll of acquirement {unknown}
 o - a scroll of blinking {unknown}
Potions
 m - 2 potions of mutation
Miscellaneous
 e - a piece from Xom's chessboard (15/15)


   Skills:
 + Level 3.4 Fighting
 + Level 2.2 Short Blades
 + Level 2.2 Long Blades
 + Level 2.2 Axes
 + Level 2.2 Maces & Flails
 + Level 2.2 Polearms
 + Level 2.2 Staves
 + Level 2.2 Slings
 + Level 2.2 Bows
 + Level 2.2 Crossbows
 + Level 2.2 Throwing
 + Level 5.1 Armour
 + Level 3.4 Dodging
 + Level 3.2 Stealth
 + Level 2.2 Shields
 + Level 2.2 Unarmed Combat
 + Level 2.2 Spellcasting
 + Level 1.8 Conjurations
 + Level 1.8 Hexes
 + Level 1.8 Summonings
 + Level 1.8 Necromancy
 + Level 1.8 Translocations
 + Level 1.8 Transmutations
 + Level 1.8 Fire Magic
 + Level 1.8 Ice Magic
 + Level 1.8 Air Magic
 + Level 1.8 Earth Magic
 + Level 1.8 Poison Magic
 + Level 2.4 Invocations
 + Level 6.9 Evocations


You had 8 spell levels left.
You knew the following spells:

 Your Spells              Type           Power      Damage    Failure   Level
a - Passwall              Tmut/Erth      6%         N/A       21%         2

Your spell library contained the following spells:

 Spells                   Type           Power      Damage    Failure   Level
 Foxfire                  Conj/Fire      32%        2x1d5     14%         1
 Sublimation of Blood     Necr           8%         N/A       21%         2
 Wereblood                Tmut           8%         N/A       21%         2
 Ignite Poison            Fire/Tmut/Pois 8%         N/A       38%         3
 Inner Flame              Hex/Fire       8%         N/A       38%         3
 Swiftness                Air            8%         N/A       38%         3
 Cause Fear               Hex            4%         N/A       80%         4
 Summon Hydra             Summ           4%         N/A       100%        7
 Discord                  Hex            4%         N/A       100%        8
 Shatter                  Erth           4%         3d7*      100%        9


Dungeon Overview and Level Annotations

Branches:
Dungeon (6/15)             Temple (0/1) D:4

Altars:
Cheibriados
Dithmenos
Elyvilon
Ru

Annotations:
D:2 1 runed translucent door, Crazy Yiuf


Innate Abilities, Weirdness & Mutations

You have very sharp teeth.
Your uncanny sense of smell can sniff out nearby items.
Your experience applies equally to all skills.
You possess an exceptional clarity of mind.
You are dopey. (Int -2)
You passively map a small area around you.


Message History

The kobold brigand hits you with a +0 dagger.
* * * LOW HITPOINT WARNING * * *
The centaur zombie hits you but does no damage.
The centaur zombie closely misses you.
Okay, then.
Unknown command.
The flow of time bends around you.
Cheibriados rebukes the centaur zombie.
The centaur zombie seems to slow down.
Cheibriados rebukes the kobold brigand.
The kobold brigand seems to slow down.
Cheibriados rebukes the kobold.
The kobold seems to slow down.
Cheibriados rebukes the kobold.
The kobold seems to slow down.
The kobold closely misses you. The kobold hits you but does no damage.
The centaur zombie hits you.
* * * LOW HITPOINT WARNING * * *
The centaur zombie closely misses you.
The kobold brigand completely misses you.
You closely miss the kobold. You bite the kobold, but do no damage.
You barely miss the centaur zombie.
You hit the kobold brigand but do no damage.
You barely miss the kobold.
The kobold hits you with a +0 short sword.
* * * LOW HITPOINT WARNING * * *
The centaur zombie barely misses you. x2
The kobold hits you but does no damage. The kobold brigand misses you.
Unknown command.
Okay, then.
Unknown command.
As you read the scroll labelled FIOQOP JOODGH, it crumbles to dust.
It is a scroll of amnesia.
Really abort (and waste the scroll)? [Y]es or [N]o only, please.
Really abort (and waste the scroll)? [Y]es or [N]o only, please.
Really abort (and waste the scroll)?
Okay, then.
The centaur zombie hits you.
You die...

#..........#######.#,.....
#....##..........#.##...##
#...)...........##.......#
#..............)[).......+
#.......#......##........#
####...........##........#
#...........###...#...#
***#....ZKKK..###<........
#.......#@#.### #.........
#...h...#K#.#***#.........
#........K...,,,.....##.##
#.............,......#*.#*
#........?........####*,**
#.....#...#.......# *,,,
*....###.###.....## *,,,
*,,.),*..,*,.....# ****,,,
****,,,,_,,,,,,,,* *,,,,,,


You could see a kobold brigand (slow), a centaur zombie (slow) and 4 kobolds.

Vanquished Creatures
  A phantom (D:5)
  A wyvern zombie (D:5)
  A howler monkey (D:6)
  A hound (D:4)
  A bullfrog skeleton (D:5)
  2 jellies
  An orc wizard (D:6)
  A howler monkey skeleton (D:5)
  5 adders
  3 dart slugs
  7 orcs
  4 ball pythons
  6 bats
  7 endoplasms
  3 giant cockroaches (D:4)
  5 goblins
  6 hobgoblins
  6 quokkas
  6 kobolds
  4 rats
71 creatures vanquished.

Vanquished Creatures (others)
  A scorpion (D:5)
1 creature vanquished.

Grand Total: 72 creatures vanquished

Notes
Turn   | Place    | Note
-------+----------+-------------------------------------------
     0 | D:1      | Lugonue the Gnoll Artificer began the quest for the Orb.
     0 | D:1      | Reached XP level 1. HP: 17/17 MP: 1/1
   349 | D:1      | Found a faded altar of an unknown god.
   360 | D:1      | Prayed at the altar of an unknown god.
   360 | D:1      | Became a worshipper of Cheibriados the Contemplative
   360 | D:1      | Reached * piety under Cheibriados
   453 | D:1      | Reached XP level 2. HP: 23/23 MP: 2/2
  1323 | D:1      | Reached XP level 3. HP: 28/28 MP: 3/3
  1469 | D:1      | Reached ** piety under Cheibriados
  1979 | D:1      | Reached skill level 1 in Invocations
  2373 | D:2      | Found a sacrificial altar of Ru.
  2384 | D:2      | Reached skill level 1 in Short Blades
  2384 | D:2      | Reached skill level 1 in Long Blades
  2384 | D:2      | Reached skill level 1 in Axes
  2384 | D:2      | Reached skill level 1 in Maces & Flails
  2384 | D:2      | Reached skill level 1 in Polearms
  2384 | D:2      | Reached skill level 1 in Staves
  2384 | D:2      | Reached skill level 1 in Slings
  2384 | D:2      | Reached skill level 1 in Bows
  2384 | D:2      | Reached skill level 1 in Crossbows
  2384 | D:2      | Reached skill level 1 in Throwing
  2384 | D:2      | Reached skill level 1 in Shields
  2384 | D:2      | Reached skill level 1 in Unarmed Combat
  2384 | D:2      | Reached skill level 1 in Spellcasting
  2510 | D:2      | Found a runed translucent door.
  2511 | D:2      | Noticed Crazy Yiuf
  2568 | D:2      | You fall into a shaft and drop 2 floors!
  2725 | D:4      | Found a white marble altar of Elyvilon.
  2728 | D:4      | Reached XP level 4. HP: 22/34 MP: 5/5
  2983 | D:4      | Found a shadowy altar of Dithmenos.
  2999 | D:4      | Found a staircase to the Ecumenical Temple.
  3179 | D:4      | Reached skill level 1 in Conjurations
  3179 | D:4      | Reached skill level 1 in Hexes
  3179 | D:4      | Reached skill level 1 in Summonings
  3179 | D:4      | Reached skill level 1 in Necromancy
  3179 | D:4      | Reached skill level 1 in Translocations
  3179 | D:4      | Reached skill level 1 in Transmutations
  3179 | D:4      | Reached skill level 1 in Fire Magic
  3179 | D:4      | Reached skill level 1 in Ice Magic
  3179 | D:4      | Reached skill level 1 in Air Magic
  3179 | D:4      | Reached skill level 1 in Earth Magic
  3179 | D:4      | Reached skill level 1 in Poison Magic
  3485 | D:4      | Reached XP level 5. HP: 33/40 MP: 5/7
  4199 | D:5      | Entered Level 5 of the Dungeon
  4227 | D:5      | Learned a level 2 spell: Passwall
  4465 | D:5      | Got the Reference Book on the Blaze and Stones
  4619 | D:5      | Reached XP level 6. HP: 43/47 MP: 8/8
  4654 | D:5      | Reached *** piety under Cheibriados
  4722 | D:5      | Reached skill level 5 in Armour
  5310 | D:6      | Reached XP level 7. HP: 18/52 MP: 10/10
  5315 | D:6      | Gained mutation: You are dopey. (Int -2) [potion of
                  | mutation]
  5315 | D:6      | Gained mutation: You passively map a small area around you.
                  | [potion of mutation]
  5315 | D:6      | Gained mutation: You possess an exceptional clarity of
                  | mind. [potion of mutation]
  5318 | D:6      | HP: 1/52 [kobold (5)]
  5319 | D:6      | Slain by a centaur zombie

Illustrated notes

Levels and vault maps discovered:
D:1:      dpeg_cavernosity, layout_basic, hellmonk_ecumenical_altar_run_dry
D:2:      layout_loops_ring, basic_altar, uniq_crazy_yiuf_cottage
D:4:      layout_loops_corners, mainiacjoe_overflow_boulevard,
          kennysheep_little_box, minmay_temple_entry_butterflies
D:5:      layout_loops_ring
D:6:      layout_basic, lightli_temple_of_fire, cheibrodos_ashenzari_chains,
          vehumet_crystals, minmay_misc_feat_five, kennysheep_big_empty_room,
          minmay_misc_feat_roman, minmay_misc_feat_plants, uniq_menkaure

Skill      XL: |  1  2  3  4  5  6 |
---------------+-------------------+-----
Invocations    | 1 2 |  2.4
Short Blades   | 1 2 |  2.2
Long Blades    | 1 2 |  2.2
Axes           | 1 2 |  2.2
Maces & Flails | 1 2 |  2.2
Polearms       | 1 2 |  2.2
Staves         | 1 2 |  2.2
Slings         | 1 2 |  2.2
Bows           | 1 2 |  2.2
Crossbows      | 1 2 |  2.2
Throwing       | 1 2 |  2.2
Shields        | 1 2 |  2.2
Unarmed Combat | 1 2 |  2.2
Spellcasting   | 1 2 |  2.2
Conjurations   | 1 |  1.8
Hexes          | 1 |  1.8
Summonings     | 1 |  1.8
Necromancy     | 1 |  1.8
Translocations | 1 |  1.8
Transmutations | 1 |  1.8
Fire Magic     | 1 |  1.8
Ice Magic      | 1 |  1.8
Air Magic      | 1 |  1.8
Earth Magic    | 1 |  1.8
Poison Magic   | 1 |  1.8
Fighting       | 3 |  3.4
Dodging        | 3 |  3.4
Stealth        | 3 |  3.2
Armour         | 5 |  5.1
Evocations     | |  6.9

Action                   |  1- 3 |  4- 6 |  7- 9 || total
-------------------------+-------+-------+-------++-------
Melee: Hand axe          |   141 |   137 |       ||   278
       Club              |     9 |       |       ||     9
       Bite              |    21 |    21 |     1 ||    43
       Punch             |       |     3 |       ||     3
       Battleaxe         |       |    11 |     5 ||    16
Invok: Bend Time         |       |       |     1 ||     1
Evoke: Wand              |       |     7 |       ||     7
  Use: Scroll            |     1 |       |     2 ||     3
       Potion            |       |     1 |     2 ||     3
 Stab: Sleeping          |     5 |       |       ||     5
Armor: Leather armour    |    37 |       |       ||    37
       Chain mail        |    22 |    17 |       ||    39
       Scale mail        |       |    40 |       ||    40
       Ring mail         |       |     8 |     8 ||    16
Dodge: Dodged            |   124 |    96 |    14 ||   234

Table legend: (Time is in decaauts)
 A = Elapsed time spent in this place.
 B = Non-inter-level travel time spent in this place.
 C = Inter-level travel time spent in this place.
 D = Time resting spent in this place.
 E = Time spent auto-exploring this place.
 F = Levels seen in this place.
 G = Mean time per level.
                   A        B        C        D        E       F      G
               +--------+--------+--------+--------+--------+-----+--------+
         Total |   6571 |   6437 |    134 |    776 |   4638 |   5 | 1314.2 |
       Dungeon |   6571 |   6437 |    134 |    776 |   4638 |   5 | 1314.2 |
               +--------+--------+--------+--------+--------+-----+--------+

Top non-repeatable levels by time:
     D:1: 2613 daAuts
     D:4: 2093 daAuts
     D:5: 1165 daAuts
     D:2: 425 daAuts
     D:6: 273 daAuts
